cohdb
Replays
Latest Replays
All Replays
Popular Replays
Top Player Replays
Match Explorer
How It Works
Community
CoH3 Stats
Reddit
Sign in to upload your games and track your stats! →
Sign in with Steam
Match 41474136
Unlisted
Match 41474136
Overview
Messages
Build Orders
End
Selects Airborne Battlegroup
Scout Squad
Scout Squad
Construct Weapon Support Center
Bazooka Squad
Scout Squad
Selects Pathfinders
Mechanized Support Center
M1919 Machine Gun Team
Construct Medical Station
Selects Paratrooper Squad Paradrop
Paratrooper Squad Paradrop
Construct Motor Pool
Selects Anti-tank Gun Team Paradrop
M24 Chaffee Light Tank
Designate Forward Repair Station
Paratrooper Squad Paradrop
Construct Tank Depot
Engineer Squad
M4A1 Sherman Medium Tank
Selects Recon Loiter
Selects Paradrop Reinforcements
M4A1 76mm Conversion
Improvised Armor
M4A1(76) Sherman Medium Tank
Engineer Squad
只愛❤毛妹
El Dorado
0
0
Comments
sign in to comment!
No comments posted yet!